 Dungeon Crawl Stone Soup version 0.31.0-11-ge490571c62 (webtiles) character file.

Game seed: 16654835928271178159

112 monsoonserge the Chopper (level 4, -3/38 HPs)
             Began as a Hill Orc Reaver on Jan 30, 2024.
             Was a Believer of Zin.
             Slain by a black bear (5 damage)
             ... on level 4 of the Dungeon.
             The game lasted 00:05:05 (2604 turns).

monsoonserge the Chopper (Hill Orc Reaver)          Turns: 2604, Time: 00:05:06

Health: -3/38      AC:  4    Str: 16    XL:     4   Next: 93%
Magic:  6/6        EV: 11    Int: 13    God:    Zin [**....]
Gold:   144        SH:  0    Dex:  9    Spells: 5/6 levels left

rFire   . . .        a - +0 hand axe
rCold   . . .        (no shield)
rNeg    . . .        b - +0 leather armour
rPois   .            (no helmet)
rElec   .            (no cloak)
rCorr   .            (no gloves)
SInv    .            d - +0 pair of boots
Will    .....        (no amulet)
Stlth   +            (no ring)
HPRegen 0.26/turn    (no ring)
MPRegen 0.10/turn

%: no passive effects
@: no status effects
A: no striking features
a: Renounce Religion, Recite, Vitalisation, Donate Gold


You were on level 4 of the Dungeon.
You worshipped Zin.
Zin was pleased with you.
You visited 1 branch of the dungeon, and saw 4 of its levels.

You collected 159 gold pieces.
You donated 15 gold pieces to Zin.

Inventory:

Hand Weapons
 a - a +0 hand axe (weapon)
 q - a +0 dagger
Armour
 b - a +0 leather armour (worn)
 d - a +0 pair of boots (worn)
 l - a +0 plate armour
Wands
 f - a wand of charming (3)
 r - a wand of flame (10)
Scrolls
 h - 2 scrolls of identify {unknown}
 k - 3 scrolls of revelation {unknown}
 m - a scroll of immolation {unknown}
 o - a scroll of enchant armour {unknown}
 p - a scroll of fog {unknown}
Potions
 c - 3 potions of curing {unknown}
 e - a potion of might {unknown}
 g - a potion of degeneration {unknown}
 i - a potion of mutation {unknown}
 j - a potion of haste {unknown}
 n - a potion of enlightenment {unknown}


   Skills:
 + Level 3.2 Fighting
 + Level 5.2 Axes
 + Level 1.8 Armour
 + Level 2.1 Dodging
 + Level 0.3 Stealth
 + Level 1.6 Spellcasting
 + Level 3.1 Conjurations
 + Level 1.0 Necromancy
 * Level 0.4 Invocations


You had 5 spell levels left.
You knew the following spells:

 Your Spells              Type           Power      Damage    Failure   Level
a - Kiss of Death         Conj/Necr      24%        2d7       14%         1

Your spell library contained the following spells:

 Spells                   Type           Power      Damage    Failure   Level
 Momentum Strike          Conj/Tloc      10%        3d8       26%         2
 Slow                     Hex            4%         N/A       32%         1
 Hailstorm                Conj/Ice       5%         3d5       45%         3
 Vampiric Draining        Necr           3%         2d6       54%         3
 Confusing Touch          Hex            1%         N/A       69%         3
 Sigil of Binding         Hex            1%         N/A       69%         3


Dungeon Overview and Level Annotations

Branches:
Dungeon (4/15)
 Temple: D:4-7

Altars:
Ashenzari
Fedhas
Yredelemnul
Zin


Message History

The black bear is heavily wounded.
The black bear completely misses you.
The black bear claws you but does no damage.
The black bear completely misses you.
You hit the black bear but do no damage.
The black bear is heavily wounded.
The black bear misses you. The black bear barely misses you.
The black bear claws you.
You hit the black bear.
The black bear is severely wounded.
The black bear closely misses you.
The black bear claws you but does no damage.
The black bear claws you.
You closely miss the black bear.
The black bear is severely wounded.
The black bear closely misses you.
The black bear claws you but does no damage.
The black bear misses you.
You hit the black bear.
The black bear is almost dead.
The black bear bites you! The black bear misses you. The black bear claws you.
* * * LOW HITPOINT WARNING * * *
You hit the black bear.
The black bear is almost dead.
The black bear goes berserk!
You hit the black bear.
The black bear is almost dead.
The black bear bites you but does no damage.
The black bear barely misses you. The black bear closely misses you.
The black bear bites you! Zin protects you from harm! The black bear claws you.
* * * LOW HITPOINT WARNING * * *
The black bear closely misses you.
You hit the black bear but do no damage.
The black bear is almost dead.
The black bear bites you!
* * * LOW HITPOINT WARNING * * *
The black bear claws you.
You die...

###.... ###
...#####......
##.#### ....#........
#.....###...........#
#......##...........#
##.....# .....#.##...
###..####.#..#..#...
#..#.##.#.##......
#@h..............#
##............)#.#
#.....###.......#
......#.# #.......#
......##.# #......<.
#..#####... #........
##. #.###.......# .
..# ##...#.## .... ..


You could see a black bear (berserk).

Vanquished Creatures
  Ijyb (D:3)
  3 adders
  2 ribbon worms
  An orc (D:4)
  6 endoplasms
  4 giant cockroaches
  5 goblins
  4 hobgoblins
  7 jackals (D:2)
  2 quokkas (D:2)
  A ball python (D:1)
  6 bats
  A frilled lizard (D:2)
  4 kobolds
  3 rats
50 creatures vanquished.

Notes
Turn   | Place    | Note
-------+----------+-------------------------------------------
     0 | D:1      | monsoonserge the Hill Orc Reaver began the quest for the
                  | Orb.
     0 | D:1      | Reached XP level 1. HP: 18/18 MP: 3/3
   324 | D:1      | Reached XP level 2. HP: 25/25 MP: 4/4
   967 | D:2      | Reached skill level 1 in Necromancy
   969 | D:2      | Reached XP level 3. HP: 27/30 MP: 5/5
  1024 | D:2      | Found a blossoming altar of Fedhas.
  1264 | D:2      | Reached skill level 1 in Armour
  1826 | D:3      | Found a broken altar of Ashenzari.
  1913 | D:3      | Reached XP level 4. HP: 26/38 MP: 6/6
  2198 | D:3      | Noticed Ijyb
  2220 | D:3      | Killed Ijyb
  2221 | D:3      | Reached skill level 5 in Axes
  2227 | D:3      | Found a faded altar of an unknown god.
  2231 | D:3      | Prayed at the altar of an unknown god.
  2231 | D:3      | Became a worshipper of Zin the Law-Giver
  2231 | D:3      | Reached * piety under Zin
  2231 | D:3      | Reached ** piety under Zin
  2343 | D:3      | Found a basalt altar of Yredelemnul.
  2589 | D:4      | Noticed a black bear
  2603 | D:4      | Zin protects you from harm!
  2604 | D:4      | Slain by a black bear

Illustrated notes

Levels and vault maps discovered:
D:1:      nicolae_arrival_somewhat_less_tricky_arrival, layout_basic
D:2:      layout_rooms, basic_altar, kennysheep_flooded_box,
          kennysheep_generic_room_12
D:3:      layout_rooms, mainiacjoe_overflow_boulevard,
          lemuel_coloured_pillars_altar, shapermc_ecumenical_altar_hornbeckon,
          uniq_ijyb
D:4:      layout_cave_pools, okawaru_metal_pillars_1_2, serial_shops,
          nicolae_shop_rolling_square, uniq_natasha

Skill      XL: |  1  2  3  4 |
---------------+-------------+-----
Necromancy     | 1 |  1.0
Armour         | 1 |  1.8
Dodging        | 2 |  2.1
Fighting       | 3 |  3.2
Axes           | 5 |  5.2
Stealth        | |  0.3
Spellcasting   | |  1.6
Conjurations   | |  3.1
Invocations    | |  0.4

Action                     |  1- 3 |  4- 6 || total
---------------------------+-------+-------++-------
  Melee: Hand axe          |   150 |    52 ||   202
         Punch             |     2 |       ||     2
  Evoke: Wand              |       |     5 ||     5
 Armour: Leather armour    |   110 |    34 ||   144
  Dodge: Dodged            |   125 |    36 ||   161
